 Dungeon Crawl Stone Soup version 0.31-a0-1074-g0b22e4e0f1 (webtiles) character file.

Game seed: 3255485750476636384

23088 timneilson the Grappler (level 13, 0/90 HPs)
             Began as an Octopode Shapeshifter on Dec 2, 2023.
             Was an Initiate of Gozag.
             Slain by a blink frog (12 damage)
             ... on level 1 of the Lair of Beasts.
             The game lasted 00:40:47 (13459 turns).

timneilson the Grappler (Octopode Shapeshifter)    Turns: 13459, Time: 00:40:48

Health: 0/90       AC:  1    Str: 18    XL:     13   Next: 4%
Magic:  13/13      EV: 26    Int: 13    God:    Gozag
Gold:   1503       SH:  5    Dex: 23    Spells: 12/12 levels left

rFire   . .          .
                       - Unarmed
rCold   . . .        w - melded +1 buckler {rPois}
rNeg    . . .        (helmet restricted)
rPois   +            y - amulet of reflection
rElec   .            h - +6 ring of dexterity
rCorr   .            l - ring of poison resistance
SInv    .            v - +5 ring of evasion
Will    .....        g - +6 ring of dexterity
Stlth   +++          (no ring)
HPRegen 0.35/turn    (no ring)
MPRegen 0.13/turn    (no ring)
                     (no ring)

%: reflection
@: flux-form, gold aura, glowing
A: glow, contaminating, almost no armour, amphibious, 8 rings, camouflage 1,
gelatinous body 1, (nimble swimmer 1), tentacles
a: Begin Untransformation, Renounce Religion, Potion Petition, Call Merchant,
Bribe Branch


You were on level 1 of the Lair of Beasts.
You worshipped Gozag.
Gozag was most pleased with you.
You were something dangerously unstable.
You visited 3 branches of the dungeon, and saw 15 of its levels.

You collected 3775 gold pieces.
You spent 486 gold pieces at shops.
You paid 1786 gold pieces to Gozag.

Inventory:

Armour
 w - a +1 buckler of poison resistance (melded)
Jewellery
 f - an amulet of regeneration
 g - a +6 ring of dexterity (on tentacle)
 h - a +6 ring of dexterity (left tentacle)
 l - a ring of poison resistance (right tentacle)
 v - a +5 ring of evasion (on tentacle)
 x - the amulet of Grace {RegenMP rElec rN+ Dex+3}
   (You found it on level 7 of the Dungeon)

   [amulet of magic regeneration]

   RegenMP:   It increases your rate of magic regeneration.
   Dex+3:     It affects your dexterity (+3).
   rElec:     It insulates you from electricity.
   rN+:       It protects you from negative energy.
 y - an amulet of reflection (around mantle)
 B - a ring of ice
Talismans
 b - a beast talisman
 c - a flux talisman (active)
 E - a talisman of death
Wands
 q - a wand of iceblast (14)
 s - a wand of paralysis (5)
Scrolls
 d - a scroll of enchant armour
 n - 6 scrolls of teleportation
 o - 2 scrolls of immolation
 t - a scroll of vulnerability
 u - 3 scrolls of revelation
 z - a scroll of summoning
 A - a scroll of poison
 C - 2 scrolls of blinking
 G - a scroll of identify
Potions
 a - 2 potions of lignification
 i - 3 potions of enlightenment
 j - a potion of magic
 k - 3 potions of brilliance
 m - 6 potions of curing
 p - 2 potions of mutation
 r - 3 potions of attraction
 D - 2 potions of berserk rage


   Skills:
 * Level 9.4 Fighting
 * Level 9.6 Dodging
 + Level 9.8 Stealth
 + Level 6.0 Shields
 * Level 10.0 Unarmed Combat
 + Level 6.6 Evocations
 * Level 9.2 Shapeshifting


You had 12 spell levels left.
You didn't know any spells.
Your spell library contained the following spells:

 Spells                   Type           Power      Damage    Failure   Level
 Cigotuvi's Dreadful Rot  Necr/Pois/Air  0%         N/A       43%         2
 Gell's Gravitas          Tloc           0%         N/A       67%         3
 Teleport Other           Tloc           0%         N/A       67%         3
 Dispel Undead            Necr           0%         3d6       97%         4
 Death Channel            Necr           0%         N/A       100%        6
 Dispersal                Tloc           0%         N/A       100%        6


Dungeon Overview and Level Annotations

Branches:
Dungeon (12/15)            Temple (1/1) D:5            Lair (2/5) D:10
    Orc (0/2) D:9
  Swamp: Lair:2-3    Shoals: Lair:2-3     Snake: Lair:2-3    Spider: Lair:2-3

Altars:
Ashenzari
Cheibriados
Dithmenos
Elyvilon
Fedhas
Gozag
Hepliaklqana
Kikubaaqudgha
Makhleb
Nemelex Xobeh
Okawaru
Qazlal
Ru
Sif Muna
Trog
Uskayaw
Vehumet
Wu Jian
Xom
Yredelemnul
Zin
The Shining One

Shops:
D:2 !   D:6 =   D:11 ?

Annotations:
D:8 1 runed translucent door, lunkers's ghost, journeyman MeSh


Innate Abilities, Weirdness & Mutations

You are something dangerously unstable.
You glow with magical radiation, making you easy to see and hit.
Foes you strike become dangerously contaminated with magical radiation.
You are incapable of wielding weapons or throwing items.
You cannot wear most types of armour.
You are amphibious.
You can wear up to eight rings at the same time.
Your skin changes colour to match your surroundings (Stealth+).
Your rubbery body absorbs attacks. (AC +1, EV +1)
((You are camouflaged when in or above water. (Stealth+)))
You have tentacles for arms and can constrict up to eight enemies at once.


Message History

The blink frog blinks!
The blink frog completely misses you.
Unknown command.
You bump into the rock wall.
The blink frog blinks!
The blink frog hits you!
* * * LOW HITPOINT WARNING * * *
You feel less invigorated.
You feel less confused. The blink frog misses you.
The blink frog closely misses you.
You bludgeon the blink frog!
The blink frog begins to glow.
You grab the blink frog.
The blink frog is moderately wounded.
You constrict the blink frog. The blink frog completely misses you.
The blink frog barely misses you. The blink frog completely misses you.
You bludgeon the blink frog!
The blink frog glows dangerously bright.
The blink frog is heavily wounded.
You constrict the blink frog. You block the blink frog's attack.
The blink frog misses you.
You bludgeon the blink frog!
The blink frog shudders as magic cascades through it!!
You kill the blink frog!
The blink frog blinks!
The blink frog hits you!
* * * LOW HITPOINT WARNING * * *
You tentacle-slap the blink frog but do no damage.
The blink frog begins to glow.
You grab the blink frog.
You squeeze the blink frog, but do no damage.
You constrict the blink frog. The blink frog misses you.
You tentacle-slap the blink frog but do no damage.
The blink frog glows dangerously bright.
The blink frog is lightly wounded.
You constrict the blink frog. The blink frog misses you.
You tentacle-slap the blink frog.
The blink frog shudders as magic cascades through it!!
You kill the blink frog!
Your Shields skill increases to level 6!
You bludgeon the blink frog!
The blink frog begins to glow.
You grab the blink frog.
The blink frog is moderately wounded.
You constrict the blink frog. The blink frog hits you!
You die...
Your body crumbles into a pile of gold.

..## ##....⌠...# #
..# #.#..^....###
# ..#
#....#.#....######
..#
#...#####......##.
..# ##...#
##..⌠..... .##
#...## ###.....>
.###### #...#
#.##... ..#...#
##...# #......
.....### #.$p##
#####..
###....#### #.F.#
#..
##.#....####...#
####.
#.#..#......##.#
#.#..
##...#####...####
##... ##....#
#.#.#...#### ##...
##.....#
########...####
##...# ##......##
##.....####...##
.#.......#
####.....#...#


You could see a blink frog (contam).

Vanquished Creatures
  Josephine (D:10)
  A two-headed ogre (D:9)
  2 boulder beetles
  A skyshark (Lair:1)
  A deep elf pyromancer (D:11)
  An ugly thing (D:11)
  2 manticores
  2 black mambas
  2 cane toads (Lair:1)
  A kobold demonologist (D:10)
  2 komodo dragons (Lair:1)
  A rime drake (Lair:2)
  A troll (D:11)
  Grinder (D:6)
  9 blink frogs
  4 wraiths (D:10)
  Sigmund (D:3)
  4 shadows
  43 yaks
  3 wyverns
  A basilisk (D:12)
  4 steam dragons
  Menkaure (D:6)
  2 acid dragons
  3 water moccasins
  A sky beast (D:7)
  A black bear (Lair:1)
  9 orc warriors
  6 wolves (Lair:1)
  6 centaurs
  An ogre (D:5)
  8 kobold brigands
  7 bullfrogs
  2 gnoll sergeants
  5 scorpions
  5 wights (D:10)
  3 electric eels
  3 howler monkeys (D:9)
  A crimson imp (D:4)
  4 jellies
  2 hounds
  8 orc priests
  A sleepcap (D:5)
  3 iguanas
  9 orc wizards
  11 adders
  7 gnolls
  2 shadow imps
  4 white imps
  2 ufetubi (D:7)
  2 worms (D:3)
  40 orcs
  5 bats
  8 endoplasms
  A giant cockroach (D:1)
  5 goblins
  6 hobgoblins
  3 jackals (D:4)
  6 quokkas
  A ball python (D:1)
  A frilled lizard (D:1)
  A goblin zombie (D:4)
  3 hobgoblin zombies (D:4)
  23 kobolds
  A kobold skeleton (D:4)
  2 kobold zombies (D:4)
  5 rats
  A spectral hobgoblin (D:3)
319 creatures vanquished.

Notes
Turn   | Place    | Note
-------+----------+-------------------------------------------
     0 | D:1      | timneilson the Octopode Shapeshifter began the quest for
                  | the Orb.
     0 | D:1      | Reached XP level 1. HP: 13/13 MP: 1/1
   272 | D:1      | Reached XP level 2. HP: 18/18 MP: 2/2
   676 | D:2      | Found Nikaumm's Distillery.
   685 | D:2      | Reached skill level 1 in Stealth
   685 | D:2      | Reached XP level 3. HP: 13/23 MP: 3/3
  1516 | D:3      | Found a faded altar of an unknown god.
  1553 | D:3      | Noticed a scorpion
  1572 | D:3      | Killed a scorpion
  1573 | D:3      | Reached XP level 4. HP: 18/29 MP: 4/4
  1654 | D:3      | Reached XP level 5. HP: 34/34 MP: 5/5
  1789 | D:3      | You fall into a shaft and drop 1 floor!
  1874 | D:4      | Reached skill level 4 in Unarmed Combat
  2042 | D:4      | Reached XP level 6. HP: 41/41 MP: 6/6
  2189 | D:3      | Noticed Sigmund
  2194 | D:3      | Killed Sigmund
  2588 | D:4      | Reached XP level 7. HP: 44/46 MP: 7/7
  2590 | D:4      | Found a glowing golden altar of the Shining One.
  2742 | D:5      | Entered Level 5 of the Dungeon
  2988 | D:5      | Found a staircase to the Ecumenical Temple.
  2997 | Temple   | Entered the Ecumenical Temple
  3058 | D:5      | Reached skill level 1 in Evocations
  3191 | D:6      | Reached skill level 1 in Shields
  3203 | D:6      | Found an opulent altar of Gozag.
  3218 | D:6      | Became a worshipper of Gozag Ym Sagoz the Greedy
  3236 | D:6      | Reached skill level 5 in Unarmed Combat
  3236 | D:6      | Reached XP level 8. HP: 47/54 MP: 8/8
  3239 | D:6      | Identified the +9 whip "Hellblazer" {venom, Fly rF- Int+2}
  3239 | D:6      | Noticed Menkaure
  3248 | D:6      | Killed Menkaure
  3374 | D:6      | Reached skill level 5 in Shapeshifting
  3519 | D:5      | Reached skill level 5 in Dodging
  3625 | D:6      | Noticed Grinder
  3641 | D:6      | Killed Grinder
  3642 | D:6      | Reached XP level 9. HP: 25/60 MP: 9/9
  4110 | D:6      | Reached skill level 5 in Fighting
  4110 | D:6      | Reached skill level 5 in Stealth
  4110 | D:6      | Reached skill level 6 in Unarmed Combat
  4234 | D:6      | Identified a scroll of acquirement
  4277 | D:6      | Acquired 1106 gold pieces
  4285 | D:6      | Bought a +5 ring of evasion for 396 gold pieces
  4633 | D:7      | Identified the amulet of Grace {RegenMP rElec rN+ Dex+3}
  5001 | D:7      | Found a blossoming altar of Fedhas.
  5001 | D:7      | Found a bloodstained altar of Trog.
  5002 | D:7      | Found a hazy altar of Hepliaklqana.
  5104 | D:7      | Found a glowing silver altar of Zin.
  5887 | D:8      | Found a runed translucent door.
  5887 | D:8      | Found a shimmering altar of Xom.
  5887 | D:8      | Noticed lunkers's ghost (journeyman MeSh)
  5887 | D:8      | Noticed a +2 long sword of chaos
  5955 | D:8      | Reached XP level 10. HP: 48/68 MP: 10/10
  6129 | D:8      | Reached skill level 7 in Unarmed Combat
  7166 | D:9      | Noticed a two-headed ogre
  7228 | D:9      | Killed a two-headed ogre
  7229 | D:9      | Reached XP level 11. HP: 58/75 MP: 11/11
  7335 | D:9      | Reached skill level 8 in Unarmed Combat
  7377 | D:9      | Found a staircase to the Orcish Mines.
  7787 | D:9      | Reached skill level 5 in Evocations
  8075 | D:10     | Entered Level 10 of the Dungeon
  8468 | D:10     | Noticed Josephine
  8492 | D:10     | Killed Josephine
  8672 | D:10     | Found a stormy altar of Qazlal.
  9235 | D:10     | Noticed a sun demon
  9495 | D:10     | Found a staircase to the Lair.
  9708 | D:11     | Bought a scroll of identify for 30 gold pieces
  9708 | D:11     | Bought 2 scrolls of identify for 60 gold pieces
  9835 | D:11     | Noticed a green ugly thing
  9843 | D:11     | Killed a purple ugly thing
  9844 | D:11     | Reached skill level 5 in Shields
  9891 | D:11     | Noticed a manticore
  9899 | D:11     | Killed a manticore
  9956 | D:11     | Reached XP level 12. HP: 58/83 MP: 12/12
 10042 | D:11     | Reached skill level 9 in Unarmed Combat
 10247 | D:11     | Noticed a boulder beetle
 10264 | D:11     | Killed a boulder beetle
 10807 | D:12     | Noticed a centaur warrior
 10812 | D:12     | Noticed a boulder beetle
 10860 | D:12     | Killed a boulder beetle
 11179 | Lair:1   | Entered Level 1 of the Lair of Beasts
 12136 | Lair:1   | Noticed a skyshark
 12157 | Lair:1   | Killed a skyshark
 13286 | Lair:1   | Reached XP level 13. HP: 58/90 MP: 13/13
 13294 | Lair:1   | Reached skill level 10 in Unarmed Combat
 13459 | Lair:1   | Slain by a blink frog

Illustrated notes

Levels and vault maps discovered:
D:1:      kennysheep_arrival_forest, layout_basic
D:2:      layout_loops_ring, serial_co_window_serial, co_window_corner_a,
          co_window_of_opportunity_a, co_window_paths_a, co_window_paths_a,
          co_window_paths_b, co_window_unsneaky_path_c, co_window_corner_b,
          co_window_of_opportunity_b, co_window_of_opportunity_c,
          co_window_unsneaky_path_c, glass_columns_a, glass_columns_a,
          serial_shops, shop
D:3:      layout_loops_ring, dreamdust_ecumenical_altar_drowned_temple,
          uniq_sigmund
D:4:      layout_basic, nicolae_tso_besieged_by_evil
D:5:      layout_rooms, minmay_temple_entry_drinking_statues, minivault_26
D:6:      layout_rooms, grunt_gozag_breadcrumbs, serial_curves, eino_curves_01,
          eino_curves_01, kennysheep_path_1, uniq_grinder, uniq_menkaure
D:7:      layout_loops_corners, gammafunk_temple_overflow_claw,
          mainiacjoe_overflow_alcove_4
D:8:      layout_loops_ring, ebering_ghost_xom
D:9:      layout_irregular_city, erik_orc_2, kennysheep_generic_room_7
D:10:     layout_gridville, grunt_qazlal_sundering, lair_entry_dummy,
          uniq_josephine
D:11:     layout_loops_ring
D:12:     minmay_dotted_concentric_squares, layout_layer_cave,
          minmay_lizard_king, uniq_erolcha, uniq_nergalle
Temple:   eino_wide_crystal_templ
Lair:1:   layout_cave_pods, chequers_serial_rivers_large_b, grunt_megastairs_4,
          infiniplex_staircase_pool_2
Lair:2:   gammafunk_boulding_lane, layout_regular_city, minmay_shoals_entry_hut,
          minmay_snake_entry_guardpost_medium

Skill      XL: |  1  2  3  4  5  6  7  8  9 10 11 12 13 |
---------------+----------------------------------------+-----
Stealth        | 1 2 3 4 6 7 8 9 |  9.8
Fighting       | 2 3 4 6 7 8 9 |  9.4
Dodging        | 3 4 5 6 7 8 9 |  9.6
Unarmed Combat | 4 5 6 7 8 9 10 | 10.0
Shapeshifting  | 4 5 6 7 8 9 |  9.2
Evocations     | 1 2 3 4 5 6 |  6.6
Shields        | 1 2 3 4 5 6 |  6.0

Action                     |  1- 3 |  4- 6 |  7- 9 | 10-12 | 13-15 || total
---------------------------+-------+-------+-------+-------+-------++-------
  Melee: Unarmed           |    55 |    71 |   199 |   651 |    18 ||   994
         Constrict         |    14 |    21 |    49 |    84 |     4 ||   172
         Punch             |     4 |     1 |    11 |    21 |       ||    37
         Tentacles         |     7 |    16 |    57 |   203 |     6 ||   289
 Invoke: Call Merchant     |       |       |     1 |     1 |       ||     2
  Evoke: Wand              |       |       |     1 |     6 |       ||     7
    Use: Scroll            |     4 |     4 |     6 |     7 |       ||    21
         Potion            |       |       |     3 |     5 |     1 ||     9
   Stab: Sleeping          |     9 |     1 |    13 |     6 |       ||    29
         Paralysed         |       |       |     3 |       |       ||     3
         Distracted        |       |       |       |    10 |     1 ||    11
 Armour: Skin              |    25 |    28 |    68 |   150 |    15 ||   286
  Dodge: Dodged            |    26 |    35 |    95 |   429 |    32 ||   617
  Block: Buckler           |       |       |    61 |    59 |       ||   120
         Reflection        |       |       |     3 |     7 |       ||    10
         Other             |       |       |       |    83 |     6 ||    89
   Form: Flux              |       |       |       |     1 |       ||     1

Table legend: (Time is in decaauts)
 A = Elapsed time spent in this place.
 B = Non-inter-level travel time spent in this place.
 C = Inter-level travel time spent in this place.
 D = Time resting spent in this place.
 E = Time spent auto-exploring this place.
 F = Levels seen in this place.
 G = Mean time per level.
                   A        B        C        D        E       F      G
               +--------+--------+--------+--------+--------+-----+--------+
         Total |  13361 |  13015 |    346 |   2005 |   6272 |  15 |  890.7 |
       Dungeon |  11109 |  10790 |    319 |   1108 |   5778 |  12 |  925.8 |
        Temple |      1 |      1 |      0 |      0 |      0 |   1 |    1.0 |
          Lair |   2250 |   2224 |     26 |    897 |    494 |   2 | 1125.0 |
               +--------+--------+--------+--------+--------+-----+--------+

Top non-repeatable levels by time:
  Lair:1: 2050 daAuts
     D:9: 1537 daAuts
    D:10: 1503 daAuts
     D:8: 1155 daAuts
     D:7: 1055 daAuts
     D:6: 1002 daAuts
    D:11: 928 daAuts
     D:2: 845 daAuts
     D:3: 665 daAuts
    D:12: 648 daAuts
     D:1: 638 daAuts
     D:4: 583 daAuts
     D:5: 544 daAuts
  Lair:2: 200 daAuts
  Temple: 1 daAuts
